Map: Oceanborn LE

Players

Marrok

  • Race: Terran Terran
  • League: Silver
  • Spawn Location: 5:00

demzi - Winner!

  • Race: Zerg Zerg
  • League: Silver
  • Spawn Location: 11:00

VOD

Have the link to the VOD?

Description

Time

  • Played on: March 20, 2024, 3:01 p.m.
  • Length: 12:43
Show
View Real Time Build Order
Export as new Build Order

Marrok Terran 

Build Orders:  

Get SALT Encoding   

  12  0:00  SCV  
  13  0:12  SCV  
  14  0:17  Supply Depot  
  14  0:27  SCV  
  15  0:41  Barracks  
  15  0:45  SCV  
  16  0:51  Refinery  
  16  1:04  SCV  
  17  1:16  SCV  
  18  1:28  Barracks Tech Lab, SCV  
  19  1:41  Orbital Command  
  19  1:51  Marauder  
  21  2:03  Command Center  
  21  2:08  SCV  
  22  2:16  Supply Depot  
  22  2:20  Refinery  
  22  2:22  Marine  
  23  2:38  SCV  
  24  2:44  Barracks  
  24  2:45  Marauder  
  26  3:05  SCV  
  26  3:11  Marauder  
  29  3:15  Bunker  
  29  3:19  Factory  
  29  3:24  SCV  
  29  3:25  Orbital Command  
  30  3:32  Marine x2  
  32  3:40  SCV  
  33  3:50  Refinery  
  33  3:52  Barracks Tech Lab  
  33  3:57  Supply Depot  
  33  3:59  SCV x2  
  33  4:01  Marine  
  36  4:12  Marauder  
  36  4:15  Factory Tech Lab  
  38  4:20  Ghost Academy  
  38  4:26  Factory  
  38  4:35  Marine  
  38  4:36  Marauder  
  41  4:46  Siege Tank  
  41  4:50  SCV  
  41  4:51  SCV  
  46  4:57  Marauder, Marine  
  49  5:05  SCV x2  
  51  5:10  Supply Depot  
  51  5:11  Factory Tech Lab  
  51  5:22  Starport x2  
  51  5:30  Cyclone  
  51  5:33  Cyclone  
  51  5:35  Marauder, Marine  
  58  5:48  Supply Depot  
  58  5:54  Marauder  
  58  5:56  Marine  
  47  6:10  Siege Tank x2, Medivac  
  55  6:11  Medivac  
  55  6:15  Ghost  
  55  6:17  Marauder  
  61  6:20  SCV x2  
  63  6:26  Refinery  
  63  6:34  SCV  
  63  6:35  SCV  
  63  6:37  Supply Depot  
  65  6:42  Starport Reactor  
  65  6:43  Starport Tech Lab  
  65  6:57  Marine  
  65  6:58  Marauder  
  68  7:01  Personal Cloaking  
  68  7:30  Marine  
  68  7:31  Marauder  
  68  7:32  Cyclone  
  68  7:33  Siege Tank  
  68  7:35  Medivac  
  78  7:41  Supply Depot  
  76  7:48  Liberator  
  76  7:50  Marauder  
  78  8:02  Marine  
  78  8:03  Supply Depot  
  79  8:16  Siege Tank, Cyclone  
  84  8:20  SCV x2  
  86  8:27  Nuke  
  86  8:48  Marine  
  86  8:49  Marauder  
  81  9:36  Marauder, Marine  
  81  9:38  Siege Tank, Cyclone  
  76  9:40  Liberator, Medivac  
  76  9:41  Medivac  
  69  9:47  Nuke  
  56  10:02  Marauder, Marine  
  40  10:20  Marauder  
  31  10:22  Siege Tank, Cyclone  
  31  10:23  Marine  
  37  10:43  Marauder, Marine  
Show
View Real Time Build Order
Export as new Build Order

demzi Zerg - Winner!

Build Orders: Hatch First 

Get SALT Encoding   

  12  0:00  Drone  
  13  0:13  Overlord  
  13  0:17  Drone  
  14  0:25  Overlord  
  14  0:31  Drone  
  14  0:35  Drone  
  16  0:45  Drone  
  17  1:00  Hatchery  
  16  1:04  Drone  
  16  1:08  Drone  
  18  1:20  Spawning Pool  
  18  1:23  Drone  
  18  1:27  Extractor  
  18  1:28  Drone  
  18  1:39  Drone  
  19  1:54  Drone  
  20  2:03  Drone  
  21  2:13  Overlord  
  21  2:14  Overlord  
  21  2:17  Queen  
  21  2:19  Queen  
  21  2:22  Drone  
  26  2:24  Drone  
  27  2:34  Roach Warren  
  27  2:35  Drone x2  
  28  2:43  Drone  
  29  2:45  Drone  
  30  2:53  Queen  
  32  3:06  Drone x4  
  32  3:11  Extractor  
  35  3:13  Extractor  
  35  3:16  Drone  
  35  3:17  Drone  
  36  3:28  Roach x2  
  36  3:34  Drone x3  
  42  3:38  Drone  
  42  3:39  Drone x2  
  42  3:40  Drone  
  47  3:43  Drone  
  47  3:48  Lair  
  48  3:50  Roach  
  50  3:59  Overlord  
  51  4:02  Drone  
  51  4:09  Drone  
  52  4:11  Overlord x2  
  52  4:12  Overlord  
  52  4:13  Hatchery  
  52  4:16  Drone  
  52  4:21  Roach x2  
  52  4:22  Roach  
  58  4:25  Roach  
  60  4:41  Roach x6  
  60  4:43  Roach  
  74  4:46  Roach  
  74  4:50  Ravager x4  
  80  4:55  Drone  
  80  4:59  Drone x3  
  84  5:11  Lair  
  84  5:14  Overlord  
  84  5:15  Overlord x3  
  84  5:30  Drone  
  84  5:31  Drone x5  
  90  5:41  Drone  
  90  5:42  Drone  
  92  5:43  Drone x6  
  74  6:01  Roach  
  74  6:02  Roach x8  
  82  6:12  Extractor, Drone x2  
  82  6:13  Drone, Extractor  
  83  6:23  Drone x2  
  83  6:24  Drone  
  86  6:29  Ravager x4  
  86  6:30  Ravager x2  
  94  6:33  Roach x2  
  96  6:42  Roach  
  96  6:43  Roach x4  
  96  6:44  Roach  
  96  6:46  Roach  
  110  6:48  Roach  
  110  6:50  Roach  
  110  6:52  Roach  
  116  6:59  Glial Reconstitution  
  116  7:10  Roach x3  
  116  7:13  Overlord x6  
  116  7:14  Overlord x3  
  122  7:27  Evolution Chamber  
  122  7:28  Evolution Chamber  
  84  7:55  Roach x11  
  84  7:56  Roach x5  
  110  8:09  Ravager x2  
  110  8:10  Ravager x4  
  116  8:26  Roach  
  116  8:27  Roach x7  
  132  8:30  Hatchery  
  131  8:40  Roach  
  131  8:41  Roach x9  
  151  9:05  Roach x9  
  151  9:06  Roach x4  
  177  9:16  Zerg Missile Weapons Level 1  
  103  9:43  Roach  
  103  9:44  Roach x13  
  115  10:12  Roach x9  
  133  10:19  Drone  
  122  10:36  Drone x10  
  122  11:29  Spire  
  105  12:05  Drone  
  105  12:06  Drone x12  
  105  12:07  Drone x3  
Tags
 
Matchup
TvZ
Replay Pack
Multiplayer
Spawn Locations
Cross Positions
Add a new tag
Caveats
  • Supply blocks, unpowered buildings, or Contaminate may cause inaccurate times.
  • Supply counts are checked every 10 seconds.